Map: Efflorescence LE

Players

WikiPooh

  • Race: Terran Terran
  • Spawn Location: 12:00

Sancey

  • Race: Protoss Protoss
  • League: Diamond
  • Spawn Location: 3:00

qqq

  • Race: Protoss Protoss
  • Spawn Location: 9:00

Massa

  • Race: Terran Terran
  • League: Gold
  • Spawn Location: 6:00

VOD

Have the link to the VOD?

Description

Time

  • Played on: June 24, 2020, 1 p.m.
  • Length: 12:32
Show
View Real Time Build Order
Export as new Build Order

WikiPooh Terran 

Build Orders: Reaper Expand 

Get SALT Encoding   

  12  0:01  SCV  
  13  0:14  SCV  
  14  0:18  Supply Depot  
  14  0:26  SCV  
  15  0:40  SCV  
  15  0:41  Barracks  
  16  0:46  Refinery  
  16  0:53  SCV  
  17  1:05  SCV  
  18  1:21  SCV  
  19  1:29  Reaper  
  19  1:32  Supply Depot  
  20  1:35  Refinery  
  20  1:45  Orbital Command  
  20  2:00  Command Center  
  20  2:17  SCV  
  20  2:22  Marine  
  22  2:28  Factory  
  22  2:29  SCV  
  23  2:41  SCV  
  23  2:43  Marine  
  25  2:53  Supply Depot  
  25  2:54  SCV  
  26  3:02  Marine  
  27  3:09  SCV  
  28  3:13  Orbital Command  
  28  3:16  Widow Mine, Starport  
  30  3:21  Supply Depot  
  30  3:37  SCV  
  32  3:44  Orbital Command  
  32  3:47  Supply Depot  
  31  3:49  Widow Mine, SCV  
  31  3:50  Marine  
  31  3:55  Orbital Command  
  35  4:01  SCV  
  35  4:03  Medivac  
  35  4:08  Marine  
  38  4:10  Barracks  
  38  4:16  Barracks  
  38  4:20  SCV  
  39  4:25  Engineering Bay  
  39  4:28  Marine  
  40  4:32  Factory Reactor  
  40  4:39  Medivac  
  40  4:43  SCV x2  
  44  4:54  Marine  
  44  4:58  SCV x2  
  47  5:01  Terran Infantry Weapons Level 1  
  47  5:05  Barracks  
  47  5:10  SCV  
  47  5:11  Barracks  
  48  5:16  Supply Depot  
  48  5:17  Barracks Tech Lab x2  
  48  5:22  Barracks  
  48  5:25  Barracks  
  48  5:33  Barracks Reactor  
  48  5:35  Medivac  
  50  5:38  Combat Shield  
  50  5:39  Stimpack  
  50  5:40  Marine  
  50  5:41  Marauder  
  50  5:42  Supply Depot  
  53  5:43  SCV x2  
  55  5:51  Factory Reactor  
  55  5:58  Marauder  
  55  5:59  Command Center  
  55  6:02  Marauder  
  55  6:19  Marine  
  55  6:20  Marine  
  55  6:23  Missile Turret  
  55  6:24  Medivac x2  
  55  6:25  Marine, Missile Turret  
  62  6:26  Barracks Reactor  
  62  6:27  Barracks Reactor  
  62  6:32  Missile Turret x2  
  60  6:33  Missile Turret  
  60  6:41  SCV x2  
  60  6:45  Marine x4  
  66  6:52  Missile Turret  
  66  6:53  SCV  
  67  6:59  Viking  
  67  7:00  SCV  
  70  7:03  Marine x3  
  70  7:05  SCV  
  70  7:08  Viking  
  76  7:11  Marine x5  
  81  7:19  Concussive Shells  
  81  7:21  Marine x3  
  84  7:28  Marine  
  84  7:29  Marine x2  
  80  7:57  Marine  
  80  7:58  Marine x7  
  84  8:02  Medivac x2  
  90  8:15  Marine  
  66  8:29  Marine  
  66  8:30  Marine x6  
  73  8:38  Marine  
  74  8:47  Marine x2  
  74  8:48  Barracks x2, Marine x3  
  79  8:51  Barracks  
  64  9:25  Marine x2  
  64  9:26  Marine x6  
  62  9:43  Marine x3  
  62  9:44  Marine x5  
  60  9:48  Barracks Reactor  
  60  9:49  Barracks Reactor, Medivac  
  60  9:50  Medivac  
  60  9:52  Barracks Reactor  
  64  9:53  Orbital Command  
  64  9:55  SCV x2  
  66  10:01  Marine x3  
  66  10:07  SCV x2  
  71  10:19  SCV, Medivac  
  71  10:20  SCV  
  71  10:21  SCV  
  76  10:22  Marine x2  
  76  10:23  Marine x6  
  84  10:31  SCV, Medivac  
  84  10:32  Command Center  
  84  10:33  SCV, Marine x6  
  94  10:40  Marine x4  
  94  10:41  Marine  
  99  10:49  Medivac  
  101  11:13  Supply Depot  
  101  11:14  Supply Depot  
  101  11:17  Marine x6  
  101  11:18  Medivac, Supply Depot  
  109  11:19  Supply Depot  
  109  11:22  Marine  
  109  11:26  Marine x2  
  109  11:34  Marine x5, Medivac  
  109  11:35  Marine  
  111  11:43  Marine x6  
  111  11:44  Marine x2  
  115  11:48  Widow Mine x2, Medivac  
Show
View Real Time Build Order
Export as new Build Order

Sancey Protoss 

Build Orders: Zealot Archon 

Get SALT Encoding   

  12  0:01  Probe  
  13  0:13  Probe  
  14  0:18  Pylon  
  14  0:25  Probe  
  15  0:36  Gateway  
  15  0:39  Probe  
  16  0:47  Assimilator  
  16  1:06  Probe  
  16  1:41  Probe  
  17  1:47  Cybernetics Core  
  17  1:53  Probe  
  16  2:00  Gateway  
  16  2:10  Probe  
  16  2:13  Assimilator  
  17  2:22  Probe  
  18  2:27  Warp Gate  
  18  2:34  Probe  
  19  2:50  Stalker  
  21  3:02  Probe  
  21  3:05  Nexus  
  22  3:06  Pylon  
  22  3:14  Probe  
  23  3:27  Probe  
  24  3:38  Gateway  
  24  3:39  Probe  
  25  3:46  Twilight Council  
  25  3:51  Probe  
  26  3:56  Assimilator  
  26  4:01  Assimilator  
  26  4:03  Probe  
  27  4:12  Gateway  
  27  4:18  Probe x2  
  29  4:26  Probe  
  29  4:27  Probe  
  31  4:34  Probe  
  31  4:35  Probe  
  31  4:39  Dark Shrine  
  31  4:44  Probe  
  31  4:45  Pylon  
  33  4:47  Probe  
  33  4:52  Probe  
  35  4:55  Probe  
  35  4:59  Charge  
  37  5:02  Probe  
  37  5:03  Robotics Facility  
  38  5:18  Probe x2  
  40  5:26  Probe  
  40  5:31  Probe  
  42  5:38  Zealot x3  
  48  5:43  Probe  
  49  5:51  Warp Prism  
  51  5:59  Probe  
  51  6:00  Probe  
  53  6:12  Probe  
  54  6:34  Forge  
  54  6:36  Pylon  
  54  6:39  Pylon  
  54  6:50  Protoss Ground Weapons Level 1  
  54  6:54  Probe x2  
  54  6:55  Nexus  
  54  6:57  Pylon  
  54  6:59  Assimilator  
  56  7:03  Dark Templar x3, Assimilator  
  56  7:06  Probe x2  
  62  7:19  Archon  
  61  7:35  Stalker x3  
  53  7:58  Gateway  
  53  7:59  Dark Templar x2  
  53  8:00  Gateway, Dark Templar  
  53  8:04  Gateway  
  59  8:08  Gateway  
  59  8:10  Gateway  
  59  8:18  Shadow Stride  
  59  8:33  Warp Prism  
  61  8:36  Dark Templar x3  
  67  8:51  Gateway  
  67  8:57  Gateway  
  67  9:00  Gateway  
  67  9:07  Pylon  
  67  9:09  Pylon  
  65  9:17  Nexus  
  65  9:19  Pylon  
  65  9:23  Pylon  
  57  9:29  Dark Templar x3  
  57  9:30  Dark Templar x4  
  71  9:50  Dark Templar x2  
  63  10:26  Dark Templar  
  63  10:27  Dark Templar x8  
  73  11:08  Archon x4  
  73  11:09  Archon  
  65  11:22  Dark Templar x4  
  65  11:24  Zealot x4  
  65  11:25  Zealot x3  
  53  11:56  Zealot x7  
  53  11:57  Zealot x4  
  71  12:18  Zealot  
  71  12:19  Zealot x6  
Show
View Real Time Build Order
Export as new Build Order

qqq Protoss 

Build Orders:  

Get SALT Encoding   

  12  0:03  Probe  
  13  0:17  Pylon  
  13  0:22  Probe  
  14  0:34  Probe  
  15  0:39  Forge  
  15  0:56  Pylon  
  15  0:59  Probe  
  16  1:18  Photon Cannon  
  16  1:22  Pylon  
  16  1:38  Pylon  
  16  1:44  Photon Cannon  
  15  1:56  Probe  
  16  2:14  Photon Cannon  
  15  2:18  Gateway  
  15  2:24  Probe, Pylon  
  15  2:27  Assimilator  
  16  2:36  Assimilator  
  16  3:03  Nexus  
  16  3:08  Photon Cannon  
  16  3:10  Probe  
  17  3:24  Cybernetics Core  
  17  3:27  Probe  
  18  3:41  Probe  
  19  3:53  Probe  
  20  4:05  Probe, Stargate  
  21  4:17  Probe  
  21  4:23  Stargate  
  22  4:25  Pylon  
  22  4:28  Probe  
  23  4:41  Probe  
  24  4:53  Probe  
  24  4:54  Phoenix  
  27  5:05  Probe  
  28  5:12  Phoenix  
  30  5:15  Protoss Air Weapons Level 1  
  30  5:17  Probe  
  31  5:25  Assimilator  
  31  5:29  Probe  
  31  5:31  Phoenix  
  34  5:36  Assimilator  
  34  5:40  Probe  
  35  5:48  Probe  
  35  5:56  Probe  
  36  5:58  Phoenix  
  39  6:07  Probe  
  39  6:08  Phoenix  
  42  6:20  Probe  
  42  6:25  Phoenix  
  45  6:32  Probe  
  46  6:33  Phoenix  
  48  6:44  Probe  
  49  6:51  Fleet Beacon  
  49  6:52  Pylon  
  49  6:56  Probe, Phoenix  
  52  7:03  Phoenix  
  54  7:10  Probe  
  55  7:21  Robotics Facility  
  55  7:22  Probe  
  48  7:45  Phoenix x2  
  48  7:50  Probe  
  53  7:53  Anion Pulse-Crystals  
  53  8:02  Probe  
  54  8:10  Phoenix  
  56  8:14  Probe  
  55  8:29  Observer  
  55  8:30  Phoenix  
  58  8:36  Probe  
  59  8:45  Observer  
  59  8:46  Pylon  
  59  8:48  Probe  
  60  8:55  Pylon  
  60  8:57  Pylon  
  60  9:00  Probe  
  60  9:01  Pylon  
  61  9:04  Carrier, Pylon  
  60  9:54  Stargate  
  60  9:57  Stargate  
  60  9:59  Photon Cannon  
  60  10:01  Pylon  
  60  10:03  Pylon  
  60  10:06  Probe, Pylon  
  61  10:08  Phoenix  
  61  10:10  Mothership  
  71  10:28  Photon Cannon  
  71  10:30  Photon Cannon  
  71  10:33  Phoenix  
  71  10:34  Shield Battery  
  73  10:41  Nexus  
  74  10:43  Observer, Pylon  
  74  10:45  Carrier, Pylon  
  74  10:46  Phoenix  
  82  10:58  Phoenix  
  84  11:17  Carrier  
  84  12:01  Probe  
  80  12:04  Photon Cannon  
  80  12:06  Photon Cannon  
  81  12:09  Probe, Photon Cannon  
  81  12:12  Photon Cannon  
  81  12:15  Shield Battery  
  80  12:17  Probe  
Show
View Real Time Build Order
Export as new Build Order

Massa Terran 

Build Orders:  

Get SALT Encoding   

  12  0:15  SCV, Supply Depot  
  13  0:27  SCV  
  14  0:40  Barracks  
  14  0:42  SCV  
  15  0:54  SCV  
  16  1:06  SCV  
  16  1:10  Supply Depot  
  17  1:23  SCV  
  18  1:26  Barracks  
  18  1:35  Barracks  
  18  1:42  Refinery, SCV  
  19  1:48  Marine  
  20  1:54  SCV  
  21  2:09  Marine  
  22  2:20  Marine, Supply Depot  
  23  2:23  Marine  
  23  2:27  Marine  
  23  2:29  Supply Depot  
  24  2:38  Marine  
  24  2:40  Orbital Command  
  24  2:41  Marine  
  26  2:44  Marine  
  27  2:56  Marine  
  28  2:59  Marine  
  28  3:02  Marine  
  30  3:15  Factory  
  30  3:21  Barracks Tech Lab  
  30  3:24  Barracks Reactor  
  30  3:25  Marine  
  31  3:42  Marine  
  32  4:01  Barracks Tech Lab  
  32  4:03  Factory Tech Lab, Command Center  
  32  4:09  Marauder  
  34  4:10  Marine  
  35  4:23  SCV  
  36  4:31  Marauder  
  38  4:35  Refinery, SCV  
  39  4:41  Siege Tank  
  39  4:44  Marine x3  
  45  4:47  SCV  
  46  4:54  Supply Depot  
  46  4:59  SCV  
  47  5:00  Supply Depot  
  47  5:12  Stimpack  
  47  5:14  SCV  
  47  5:16  Supply Depot  
  47  5:17  Supply Depot  
  47  5:19  SCV  
  49  5:26  SCV  
  50  5:30  Concussive Shells  
  50  5:36  SCV  
  50  5:38  SCV  
  52  5:43  Siege Tank  
  52  5:48  Marauder  
  52  5:49  SCV  
  58  5:50  SCV  
  58  5:54  Engineering Bay  
  59  6:03  SCV  
  60  6:06  Orbital Command  
  57  6:15  SCV  
  58  6:23  Marauder x2, Marine x2  
  64  6:27  SCV  
  65  6:34  Terran Infantry Weapons Level 1  
  65  6:37  SCV  
  67  6:40  SCV  
  67  6:44  Marauder  
  69  6:49  SCV  
  69  6:50  Starport  
  70  7:02  Command Center  
  70  7:06  Marauder x2, Marine  
  70  7:07  Marine  
  76  7:24  Marine  
  66  7:57  Marauder x2, Marine x2  
  72  8:00  Siege Tank  
  71  8:14  Medivac  
  71  8:15  Marine x2  
  71  8:18  Marauder x2  
  50  8:33  Marine x2  
  52  8:39  Marauder x2  
  56  8:42  Missile Turret  
  56  8:50  Refinery, Marine  
  56  8:51  Marine  
  58  9:00  Starport Tech Lab  
  58  9:01  Marauder x2  
  62  9:08  Marine x2  
  63  9:22  Marauder x2  
  67  9:26  Marine x2  
  64  9:44  Marauder x2, Marine x2  
  69  9:46  Siege Tank  
  69  9:48  SCV  
  69  9:50  SCV  
  69  9:51  SCV  
  75  10:00  SCV  
  75  10:02  Marine x2  
  75  10:03  SCV x2  
  75  10:05  Marauder x2  
  84  10:09  Barracks  
  84  10:12  SCV  
  71  10:15  SCV x2  
  71  10:19  Marine  
  71  10:20  Barracks, Marine  
  55  10:26  Marauder x2  
  55  10:27  SCV x2, Missile Turret  
  62  10:33  Planetary Fortress  
  61  10:38  Missile Turret  
  61  10:39  SCV x2  
  63  10:48  Marauder x2  
  63  10:49  Marine x2  
  69  11:07  Marine  
  69  11:09  Marauder x2  
  74  11:15  Command Center  
  74  11:17  Marine  
  75  11:22  Siege Tank  
  75  11:25  Marine  
  79  11:30  Marauder  
  79  11:31  Marauder  
  83  11:34  Marine  
  83  11:37  Barracks Tech Lab  
  83  11:38  Barracks Reactor  
  84  11:42  Marine  
  84  11:46  Missile Turret  
  84  11:52  Marauder x2, Marine  
  67  12:00  Marine  
  60  12:07  Marine x2, Missile Turret  
  60  12:10  Marine  
  57  12:23  Barracks  
  57  12:27  Missile Turret  
Tags
 
Add a new tag
Caveats
  • Supply blocks, unpowered buildings, or Contaminate may cause inaccurate times.
  • Supply counts are checked every 10 seconds.